 Dungeon Crawl Stone Soup version 0.16-b1 (webtiles) character file.

415 McCoppin the Slasher (level 6, -11/44 HPs)
             Began as a Demonspawn Gladiator on Mar 11, 2015.
             Killed by divine providence
             ... invoked by an orc priest
              (13 damage)
             ... on level 5 of the Dungeon.
             The game lasted 00:11:22 (3016 turns).

McCoppin the Slasher (Demonspawn Gladiator)         Turns: 3016, Time: 00:11:22

Health: -11/44     AC:  7    Str: 15    XL:     6   Next: 60%
Magic:  6/6        EV: 16    Int: 15    God:
Gold:   196        SH:  0    Dex: 15    Spells: 0 memorised, 5 levels left

rFire  . . .     SeeInvis .     t - +0 war axe of Veukal {venom, Int+5 Stlth-} (curse)
rCold  . . .     Clarity  .     b - +0 leather armour
rNeg   . . .     SustAb   .     (no shield)
rPois  .         Gourm    .     c - +0 helmet
rElec  .         Spirit   .     (no cloak)
rCorr  .         Warding  .     s - +0 pair of gloves
rMut   .         Stasis   .     (no boots)
MR     .....                    (no amulet)
Stlth  ..........               (no ring)
                                n - +4 ring of evasion

@: not resistant to hostile enchantments, extremely unstealthy
A: hooves 1, slimy green scales 1, demonic guardian 1, spiny 1
a: no special abilities


You were on level 5 of the Dungeon.
You were hungry.

You visited 1 branch of the dungeon, and saw 5 of its levels.

You collected 196 gold pieces.

Inventory:

Hand weapons
 a - a +0 long sword
 t - the cursed +0 war axe of Veukal (weapon) {venom, Int+5 Stlth-}
   (You found it on level 4 of the Dungeon)

   It poisons the flesh of those it strikes.
   It affects your intelligence (+5).
   It makes you less stealthy.
   It has a curse placed upon it.
Missiles
 d - 3 throwing nets (quivered)
Armour
 b - a +0 leather armour (worn)
 c - a +0 helmet (worn)
 s - a +0 pair of gloves (worn)
Jewellery
 n - a +4 ring of evasion (left hand)
Magical devices
 r - a wand of confusion (22)
Scrolls
 e - a scroll of magic mapping {unknown}
 g - 2 scrolls of fog
Potions
 h - a potion of ambrosia {unknown}
 l - a potion of mutation {unknown}
 m - a potion of berserk rage {unknown}
 o - 2 potions of heal wounds {unknown}
 p - a potion of magic {unknown}
 q - a potion of brilliance {unknown}
Comestibles
 f - 2 bread rations
 j - 2 fruits
 k - a meat ration


   Skills:
 - Level 2.0 Fighting
 + Level 6.9 Long Blades
 - Level 1.7 Throwing
 - Level 2.6 Dodging


You had 5 spell levels left.
You didn't know any spells.

Dungeon Overview and Level Annotations

Branches:
Dungeon (5/15)
 Temple: D:4-7

Altars:
Gozag


Innate Abilities, Weirdness & Mutations

You have large cloven feet.
You are partially covered in slimy green scales (AC +2).
A weak demonic guardian rushes to your aid.
You are partially covered in sharp spines.


Message History

You swap places.
Your white imp hits the orc priest.
Your white imp freezes the orc priest.
The orc priest closely misses your white imp.
Things that are here:
a dagger; a robe
Found a stone staircase leading down.
Your white imp barely misses the orc priest.
The orc priest hits your white imp with a flail.
Your white imp barely misses the orc priest.
The orc priest barely misses your white imp.
Your white imp disappears in a puff of smoke!
The orc priest invokes the aid of Beogh against you.
Something smites you!
* * * LOW HITPOINT WARNING * * *
You barely miss the orc priest.
The orc priest is almost dead.
The orc priest looks more healthy.
The orc priest invokes the aid of Beogh against you.
Something smites you!
You die...

..........#
#...#....#
##........### #
.............#####.#
..........##.......#
.....?....##<......#
.........##)).....#
###$...<.##.##.##.#
#......@o....# #
#.....###.##.#
>....... .... ..
.#...... ..##.##..
......##### # .....
##.#


You could see an orc priest.

Vanquished Creatures
  A scorpion (D:4)
  2 orc wizards
  A centaur skeleton (D:4)
  A hound (D:4)
  An iguana (D:4)
  4 worker ants (D:4)
  2 adders
  3 gnolls (D:4)
  A worm (D:2)
  An adder skeleton (D:4)
  2 giant geckos
  9 orcs
  A ball python (D:1)
  A giant cockroach (D:2)
  11 goblins
  7 hobgoblins
  8 jackals
  8 kobolds
  7 bats
  A giant newt (D:4)
  5 rats
77 creatures vanquished.

Vanquished Creatures (others)
  A white imp (D:5)
1 creature vanquished.

Grand Total: 78 creatures vanquished

Notes
Turn   | Place    | Note
--------------------------------------------------------------
     0 | D:1      | McCoppin, the Demonspawn Gladiator, began the quest for the Orb.
     0 | D:1      | Reached XP level 1. HP: 16/16 MP: 1/1
    56 | D:1      | Reached skill level 3 in Long Blades
   161 | D:1      | Gained mutation: You are partially covered in slimy green scales (AC +2). [demonic ancestry]
   161 | D:1      | Reached XP level 2. HP: 8/22 MP: 2/2
   167 | D:1      | HP: 1/22 [bat (1)]
  1181 | D:2      | Reached XP level 3. HP: 27/27 MP: 3/3
  1213 | D:2      | Reached skill level 4 in Long Blades
  1445 | D:4      | Noticed a scorpion
  1454 | D:4      | Killed a scorpion
  1454 | D:4      | Gained mutation: You are partially covered in sharp spines. [demonic ancestry]
  1454 | D:4      | Reached XP level 4. HP: 26/33 MP: 4/4
  1472 | D:4      | Reached skill level 5 in Long Blades
  1726 | D:4      | Found an opulent altar of Gozag.
  1844 | D:4      | Gained mutation: You have large cloven feet. [demonic ancestry]
  1844 | D:4      | Reached XP level 5. HP: 36/38 MP: 5/5
  2204 | D:4      | Got a crystal war axe
  2205 | D:4      | Identified the cursed +0 war axe of Veukal {venom, Int+5 Stlth-} (You found it on level 4 of the Dungeon)
  2233 | D:4      | Reached skill level 6 in Long Blades
  2417 | D:4      | Gained mutation: A weak demonic guardian rushes to your aid. [demonic ancestry]
  2417 | D:4      | Reached XP level 6. HP: 39/44 MP: 6/6
  2982 | D:5      | Entered Level 5 of the Dungeon
  3015 | D:5      | HP: 1/44 [orc priest/divine providence (11)]
  3016 | D:5      | Killed from afar by an orc priest

Action                   |  1- 3 |  4- 6 || total
-------------------------+-------+-------++-------
Melee: Long sword        |   154 |    70 ||   224
       War axe           |       |    48 ||    48
  Use: Potion            |     1 |       ||     1
       Scroll            |       |     5 ||     5
  Eat: Chunk             |     1 |     1 ||     2
       Bread ration      |     1 |       ||     1
